 Dungeon Crawl Stone Soup version 0.32-a0-886-g41c5271027 (webtiles) character file.

Game seed: 4066066451809262611

374 Biggs the Shooter (level 6, 4/47 HPs)
             Began as a Coglin Hunter on Apr 2, 2024.
             Quit the game on level 3 of the Dungeon.
             The game lasted 00:05:07 (1941 turns).

Biggs the Shooter (Coglin Hunter)                   Turns: 1941, Time: 00:05:08

Health: 4/47       AC:  6    Str: 11    XL:     6   Next: 72%
Magic:  6/6        EV: 12    Int:  8    God:
Gold:   142        SH:  0    Dex: 20    Spells: 5/5 levels left

rFire   . . .        a - +2 sling (heavy) {Ulrike}
rCold   . . .        d - +0 sling {Daichi}
rNeg    . . .        c - +0 leather armour
rPois   .            (no helmet)
rElec   .            l - +0 cloak
rCorr   .            (no gloves)
SInv    .            h - +1 pair of boots
Will    .....        (amulet unavailable)
Stlth   ++           (ring unavailable)
HPRegen 0.27/turn    (ring unavailable)
MPRegen 0.10/turn    (no gizmo)

%: no passive effects
@: revving
A: off-hand wielding, slow wielding, warmup strikes, no jewellery
a: Invent Gizmo


You were on level 3 of the Dungeon.
You visited 1 branch of the dungeon, and saw 3 of its levels.

You collected 142 gold pieces.

Inventory:

Hand Weapons
 a - a +2 heavy sling (weapon) {Ulrike}
 d - a +0 sling (offhand) {Daichi}
Armour
 c - a +0 leather armour (worn)
 h - a +1 pair of boots (worn)
 l - a +0 cloak (worn)
Wands
 b - a wand of charming (10)
Scrolls
 k - a scroll of teleportation
Potions
 f - a potion of berserk rage {unknown}
 g - a potion of mutation {unknown}
 j - a potion of curing {unknown}
 m - a potion of attraction {unknown}
 o - a potion of magic {unknown}
 p - a potion of ambrosia {unknown}
 s - a potion of degeneration {unknown}


   Skills:
 - Level 3.1 Fighting
 + Level 5.7 Ranged Weapons
 - Level 2.9 Dodging
 - Level 2.3 Stealth


You had 5 spell levels left.
You didn't know any spells.
Your spell library contained the following spells:

 Spells                   Type           Power      Damage    Failure   Level
 Ensorcelled Hibernation  Hex/Ice        0%         N/A       65%         2
 Lesser Beckoning         Tloc           0%         N/A       65%         2
 Maxwell's Portable Pile  Tloc           0%         2d(5-13)  86%         3
 Passwall                 Erth           0%         N/A       86%         3
 Swiftness                Air            0%         N/A       86%         3
 Teleport Other           Tloc           0%         N/A       86%         3


Dungeon Overview and Level Annotations

Branches:
Dungeon (3/15)

Altars:
Vehumet

Annotations:
D:3 1 runed translucent door, Robin; sasquatch's ghost, amateur MDRe


Innate Abilities, Weirdness & Mutations

You can wield a second weapon in your off-hand.
It takes a long time for you to wield or remove held weapons.
Your first few attacks do less damage.
You cannot equip rings or amulets.


Message History

Grinder is almost dead.
Grinder closely misses you.
Unknown command.
Fire: a) +2 sling {Ulrike}
Press: ? - help, Q - select action, (/) - cycle Shift-Dir - straight line, f/p - Grinder
Aim: Grinder (almost dead, 62% to hit)
You shoot a sling bullet. The sling bullet barely misses Grinder.
You shoot a sling bullet. The sling bullet barely misses Grinder.
Grinder hits you but does no damage. Grinder gestures at you.
You resist with significant effort.
Fire: a) +2 sling {Ulrike}
Press: ? - help, Q - select action, (/) - cycle Shift-Dir - straight line, f/p - Grinder
Aim: Grinder (almost dead, 62% to hit)
You shoot a sling bullet. The sling bullet hits Grinder!
You kill Grinder!
You shoot a sling bullet.
Your Ranged Weapons skill increases to level 5!
You have reached level 6!
As you read the scroll labelled PUDAWY QO UDGHO, it crumbles to dust.
It is a scroll of identify.
i - a scroll of fog
As you read the scroll of fog, it dissolves into smoke.
Unknown command.
As you read the scroll of identify, it crumbles to dust.
k - a scroll of teleportation
As you read the scroll of identify, it crumbles to dust.
n - a scroll of brand weapon
As you read the scroll labelled CUVERO WOARPHE, it crumbles to dust.
It is a scroll of enchant armour.
Your +0 pair of boots glows green for a moment.
As you read the scroll labelled ZEFOAHAIHI, it crumbles to dust.
The air around you briefly surges with heat, but it dissipates.
It was a scroll of immolation.
Unknown command.
As you read the scroll of brand weapon, it crumbles to dust.
Your +2 sling {Ulrike} becomes incredibly heavy!
a - a +2 heavy sling (weapon)
{Ulrike} Are you sure you want to abandon this character and quit the game? (Confirm with "yes".)

#. . #######. ###.
#.....#. ...
#.###.#. #.. #.#
#... #.# #####.#
#... #§# #.....#
#...
#######§####.#####
#...
#...§§@§§....#
#...
#.####§#######
#... #§# #.## #.#
#... ... ####. #.#
...)... #..
...)... #..
.#####. #.


There were no monsters in sight!

Vanquished Creatures
  Grinder (D:3)
  A bombardier beetle (D:3)
  5 adders
  2 dart slugs
  3 ribbon worms (D:2)
  3 ball pythons
  9 bats
  3 endoplasms
  A giant cockroach (D:2)
  14 goblins
  7 hobgoblins
  11 jackals
  6 kobolds
  3 quokkas
  2 frilled lizards
  10 rats
81 creatures vanquished.

Notes
Turn   | Place    | Note
-------+----------+-------------------------------------------
     0 | D:1      | Biggs the Coglin Hunter began the quest for the Orb.
     0 | D:1      | Reached XP level 1. HP: 16/16 MP: 1/1
    67 | D:1      | Reached skill level 1 in Stealth
    74 | D:1      | Reached XP level 2. HP: 17/22 MP: 2/2
   342 | D:1      | Reached XP level 3. HP: 28/28 MP: 3/3
   994 | D:2      | You fall into a shaft and drop 1 floor!
   999 | D:3      | Found a runed translucent door.
  1001 | D:3      | Noticed sasquatch's ghost (amateur MDRe)
  1076 | D:3      | Reached skill level 4 in Ranged Weapons
  1095 | D:2      | Reached XP level 4. HP: 34/34 MP: 4/4
  1321 | D:2      | Found a radiant altar of Vehumet.
  1690 | D:3      | Reached XP level 5. HP: 41/41 MP: 5/5
  1718 | D:3      | Noticed Robin
  1917 | D:3      | Noticed Grinder
  1924 | D:3      | Paralysed by Grinder for 4 turns
  1929 | D:3      | HP: 1/41 [Grinder/nerve-wracking pain (12)]
  1933 | D:3      | Killed Grinder
  1934 | D:3      | Reached skill level 5 in Ranged Weapons
  1934 | D:3      | Reached XP level 6. HP: 2/47 MP: 6/6
  1941 | D:3      | Quit the game

Illustrated notes

Levels and vault maps discovered:
D:1:      dpeg_arrival_short_road, layout_basic, minmay_door_square
D:2:      layout_loops_ring, basic_altar
D:3:      layout_basic, chequers_temple_overflow_statue_of_worship,
          ebering_ghost_sewer_d, uniq_grinder, uniq_robin

Skill      XL: |  1  2  3  4  5 |
---------------+----------------+-----
Stealth        | 1 2 |  2.3
Dodging        | 2 |  2.9
Ranged Weapons | 4 5 |  5.7
Fighting       | 3 |  3.1

Action                     |  1- 3 |  4- 6 || total
---------------------------+-------+-------++-------
   Fire: Sling             |   150 |   204 ||   354
    Use: Scroll            |       |     8 ||     8
 Armour: Leather armour    |     4 |    38 ||    42
  Dodge: Dodged            |     9 |    25 ||    34

Table legend: (Time is in decaauts)
 A = Elapsed time spent in this place.
 B = Non-inter-level travel time spent in this place.
 C = Inter-level travel time spent in this place.
 D = Time resting spent in this place.
 E = Time spent auto-exploring this place.
 F = Levels seen in this place.
 G = Mean time per level.
                   A        B        C        D        E       F      G
               +--------+--------+--------+--------+--------+-----+--------+
         Total |   1983 |   1902 |     81 |     14 |   1516 |   3 |  661.0 |
       Dungeon |   1983 |   1902 |     81 |     14 |   1516 |   3 |  661.0 |
               +--------+--------+--------+--------+--------+-----+--------+

Top non-repeatable levels by time:
     D:1: 893 daAuts
     D:2: 706 daAuts
     D:3: 384 daAuts
